 Dungeon Crawl Stone Soup version 0.28-a0-1235-g7c8fac35f0 (webtiles) character file.

Game seed: 16815945297558566520

40 ChaosChampion the Insei (level 3, 0/23 HPs)
             Began as an Octopode Transmuter on Dec 25, 2021.
             Succumbed to an adder's poison
             ... on level 2 of the Dungeon.
             The game lasted 00:00:58 (1976 turns).

ChaosChampion the Insei (Octopode Transmuter)       Turns: 1976, Time: 00:00:59

Health: 0/23       AC:  1    Str:  9    XL:     3   Next: 50%
Magic:  5/6        EV: 13    Int: 17    God:
Gold:   88         SH:  0    Dex: 12    Spells: 0/6 levels left

rFire   . . .      SeeInvis .     - Unarmed
rCold   . . .      Faith    .   (no shield)
rNeg    . . .      Spirit   .   (helmet currently unavailable)
rPois   .          Reflect  .   (no amulet)
rElec   .          Harm     .   (no ring)
rCorr   .          Rampage  .   (no ring)
Will    .....                   (no ring)
Stlth   ++........              (no ring)
HPRegen 0.07/turn               (no ring)
MPRegen 0.10/turn               (no ring)
                                (no ring)
                                (no ring)

@: lethally poisoned (0 -> -3), appendages
A: tentacle spike 3, almost no armour, amphibious, 8 rings, camouflage 1,
gelatinous body 1, (nimble swimmer 1), tentacles
a: End Transformation


You were on level 2 of the Dungeon.
One of your tentacles had grown a beastly spike.
You visited 1 branch of the dungeon, and saw 3 of its levels.

You collected 88 gold pieces.

Inventory:

Scrolls
 b - 2 scrolls of identify {unknown}
 d - a scroll of amnesia {unknown}
 e - 2 scrolls of fog {unknown}
 f - a scroll of teleportation {unknown}
Potions
 a - a potion of berserk rage {unknown}
 c - a potion of brilliance {unknown}


   Skills:
 - Level 1.0 Fighting
 - Level 2.0 Dodging
 * Level 4.0 Unarmed Combat
 - Level 2.0 Spellcasting
 + Level 2.6 Transmutations


You couldn't memorise any spells.
You knew the following spells:

 Your Spells              Type           Power      Damage    Failure   Level
a - Beastly Appendage     Tmut           20%        N/A       6%          1
b - Wereblood             Tmut           10%        N/A       10%         2
c - Spider Form           Tmut/Pois      6%         N/A       32%         3

Your spell library contained the following spells:

 Spells                   Type           Power      Damage    Failure   Level
 Corpse Rot               Necr/Air       2%         N/A       28%         2
 Ensorcelled Hibernation  Hex/Ice        2%         N/A       28%         2
 Tukima's Dance           Hex            1%         N/A       50%         3
 Ice Form                 Ice/Tmut       6%         N/A       73%         4
 Dispel Undead            Necr           1%         3d6       88%         4
 Death Channel            Necr           0%         N/A       100%        6


Dungeon Overview and Level Annotations

Branches:
Dungeon (3/15)

Altars:


Innate Abilities, Weirdness & Mutations

One of your tentacles has grown a beastly spike.
You cannot wear most types of armour.
You are amphibious.
You can wear up to eight rings at the same time.
Your skin changes colour to match your surroundings (Stealth+).
Your rubbery body absorbs attacks. (AC +1, EV +1)
((You are camouflaged when in or above water. (Stealth+)))
You have tentacles for arms and can constrict up to eight enemies at once.


Message History

Found 8 gold pieces.
There are monsters nearby!
There are monsters nearby!
There are monsters nearby!
An endoplasm comes into view.
Casting: Beastly Appendage (safe; 7% risk of failure)
Confirm with . or Enter, or press ? or * to list all spells.
One of your tentacles grows a vicious spike.
You tentacle-slap the adder. Your grab misses the adder.
The adder is moderately wounded.
The endoplasm quivers.
The adder bites you.
You are poisoned.
The adder poisons you!
You tentacle-slap the adder. Your grab misses the adder.
The adder is heavily wounded.
You feel sick. The adder barely misses you. The adder bites you.
You barely miss the adder. You grab the adder.
The adder is heavily wounded.
You constrict the adder.
You feel sick. The adder misses you.
You completely miss the adder.
The adder is heavily wounded.
You constrict the adder.
You feel sick. The adder bites you.
You are lethally poisoned!
The adder poisons you!
You are too injured to fight recklessly!
You are too injured to fight recklessly!
You barely miss the adder.
You pierce the adder.
You kill the adder!
* * * LOW HITPOINT WARNING * * *
You feel sick.
Your life force feels restored.
Your Unarmed Combat skill increases to level 4!
* * * LOW HITPOINT WARNING * * *
You feel sick.
* * * LOW HITPOINT WARNING * * *
You feel sick.
* * * LOW HITPOINT WARNING * * *
You feel sick.
You die...

#########
#.......#
#.......#
#.......#
#........
#........
#........
###........
#>@........
#.#######..
#.........
#J########
#.g.g.....
#......$..
#..........
#..........
#..........


You could see an endoplasm.

Vanquished Creatures
  An adder (D:2)
  An adder skeleton (D:2)
  An orc (D:3)
  2 ball pythons
  2 bats
  3 endoplasms
  3 giant cockroaches
  2 goblins
  2 hobgoblins
  2 kobolds
  2 frilled lizards (D:2)
  2 rats (D:1)
  A spectral kobold (D:3)
24 creatures vanquished.

Notes
Turn   | Place    | Note
-------+----------+-------------------------------------------
     0 | D:1      | ChaosChampion the Octopode Transmuter began the quest for
                  | the Orb.
     0 | D:1      | Reached XP level 1. HP: 13/13 MP: 3/3
   762 | D:1      | Reached XP level 2. HP: 18/18 MP: 5/5
  1678 | D:2      | Reached XP level 3. HP: 21/23 MP: 6/6
  1681 | D:2      | Learned a level 2 spell: Wereblood
  1685 | D:2      | Learned a level 3 spell: Spider Form
  1745 | D:2      | You fall into a shaft and drop 1 floor!
  1792 | D:3      | Found a faded altar of an unknown god.
  1973 | D:2      | Reached skill level 4 in Unarmed Combat
  1975 | D:2      | HP: 1/23 [poisoned by an adder]
  1976 | D:2      | Succumbed to an adder's poison

Illustrated notes

Levels and vault maps discovered:
D:1:      kennysheep_arrival_seaside, layout_basic, minmay_curled_crystal,
          hex_medium
D:2:      layout_basic, kennysheep_nondescript, roderic_lattice_a, uniq_sigmund
D:3:      minmay_goblin_kobold_castle, layout_basic, serial_shops, shop,
          dreamdust_ecumenical_altar_drowned_temple

Skill      XL: |  1  2  3 |
---------------+----------+-----
Unarmed Combat | 4 |  4.0
Fighting       | |  1.0
Dodging        | |  2.0
Spellcasting   | |  2.0
Transmutations | |  2.6

Action                   || total
-------------------------++-------
Melee: Unarmed           ||    63
       Constrict         ||    15
       Tentacles         ||    11
       Kick              ||     4
       Punch             ||     2
 Cast: Beastly Appendage ||     3
 Stab: Sleeping          ||     4
Armor: Skin              ||     3
Dodge: Dodged            ||    25

Table legend: (Time is in decaauts)
 A = Elapsed time spent in this place.
 B = Non-inter-level travel time spent in this place.
 C = Inter-level travel time spent in this place.
 D = Time resting spent in this place.
 E = Time spent auto-exploring this place.
 F = Levels seen in this place.
 G = Mean time per level.
                   A        B        C        D        E       F      G
               +--------+--------+--------+--------+--------+-----+--------+
         Total |   1972 |   1925 |     47 |      0 |   1723 |   3 |  657.3 |
       Dungeon |   1972 |   1925 |     47 |      0 |   1723 |   3 |  657.3 |
               +--------+--------+--------+--------+--------+-----+--------+

Top non-repeatable levels by time:
     D:1: 1102 daAuts
     D:2: 657 daAuts
     D:3: 212 daAuts
